 Dungeon Crawl Stone Soup version 0.26.0-18-gc5c842f807 (webtiles) character file.

Game seed: 9481032990295530958

23 Gauvater the Firebug (level 2, 0/17 HPs)
             Began as an Octopode Fire Elementalist on Jan 22, 2021.
             Succumbed to a gnoll's poison
             ... on level 1 of the Dungeon.
             The game lasted 00:04:40 (1281 turns).

Gauvater the Firebug (Octopode Fire Elementalist)   Turns: 1281, Time: 00:04:41

Health: 0/17       AC:  1    Str:  7    XL:     2   Next: 95%
Magic:  5/5        EV: 13    Int: 17    God:
Gold:   41         SH:  0    Dex: 12    Spells: 4/5 levels left

rFire    . . .     SeeInvis .   (no weapon)
rCold    . . .     Faith    .   (no shield)
rNeg     . . .     Spirit   .   (helmet restricted)
rPois    .         Reflect  .   (no amulet)
rElec    .         Harm     .   (no ring)
rCorr    .         Rampage  .   (no ring)
Will     .....                  (no ring)
Stlth    +++.......             (no ring)
HPRegen  0.05/turn              (no ring)
MPRegen  0.09/turn              (no ring)
                                (no ring)
                                (no ring)

@: lethally poisoned (0 -> -16)
A: almost no armour, stealthy swim, amphibious, 8 rings, constrict 8, camouflage
1, gelatinous body 1
a: no special abilities


You were on level 1 of the Dungeon.
You visited 1 branch of the dungeon, and saw 2 of its levels.

You collected 41 gold pieces.

Inventory:

Jewellery
 c - an uncursed ring of see invisible {unknown}
Scrolls
 a - a scroll of remove curse {unknown}
 b - a scroll of teleportation {unknown}


   Skills:
 + Level 0.3 Fighting
 + Level 2.1 Dodging
 + Level 3.0 Stealth
 + Level 2.1 Spellcasting
 + Level 1.5 Conjurations
 + Level 3.3 Fire Magic


You had 4 spell levels left.
You knew the following spells:

 Your Spells              Type           Power        Failure   Level
a - Foxfire               Conj/Fire      40%          7%          1

Your spell library contained the following spells:

 Spells                   Type           Power        Failure   Level
 Conjure Flame            Conj/Fire      10%          21%         3
 Inner Flame              Hex/Fire       7%           28%         3
 Sticky Flame             Conj/Fire      10%          56%         4
 Fireball                 Conj/Fire      5%           88%         5


Dungeon Overview and Level Annotations

Branches:
Dungeon (2/15)

Altars:


Innate Abilities, Weirdness & Mutations

You cannot wear most types of armour.
You are very stealthy in the water. (Stealth+)
You are amphibious.
You can wear up to eight rings at the same time.
You can use your tentacles to constrict eight enemies at once.
Your skin changes colour to match your surroundings (Stealth+).
Your rubbery body absorbs attacks. (AC +1, EV +1)


Message History

You see here a poisoned dart.
The gnoll throws a poisoned dart.
The poisoned dart barely misses you.
You see here a poisoned dart.
* * * LOW HITPOINT WARNING * * *
You feel sick.
* * * LOW HITPOINT WARNING * * *
You feel sick.
* * * LOW HITPOINT WARNING * * *
You feel sick.
* * * LOW HITPOINT WARNING * * *
You feel sick.
The gnoll throws a poisoned dart.
The poisoned dart closely misses you.
The gnoll throws a poisoned dart.
The poisoned dart hits you.
You are more poisoned.
You see here a poisoned dart.
* * * LOW HITPOINT WARNING * * *
You feel sick.
The gnoll throws a poisoned dart.
The poisoned dart hits you!
You are more poisoned.
You see here 2 poisoned darts.
You die...

#..>((..#.#
#g(....# ##.###
#...##..#.#
#......# #.....
##...##..#'##
#.###### #.....
.....#......#
#.# #.....
..####......#
#.# ##.### ..#
#......# #.# #.#
..# #......# #(#
####.# ..#
#......# #(#
#....# v.#
#......# #@#
#....# ..#
###...## #.#
#....#
..######.#.# #.#
#....#
(....)...#.###
#.# #....#
..######.#...#
#.# #....# ###
###...# #)#
######....#
#...# #.#
#...##....#
#†.##
#.####...##....#
#g.#
#.........'....#


There were no monsters in sight!

Vanquished Creatures
  A dart slug (D:1)
  A leopard gecko (D:1)
  2 giant cockroaches (D:1)
  A goblin (D:1)
  2 hobgoblins (D:1)
  4 jackals (D:1)
  A bat (D:1)
  A kobold (D:1)
  6 rats (D:1)
19 creatures vanquished.

Vanquished Creatures (others)
  49 foxfires (D:1)
49 creatures vanquished.

Grand Total: 68 creatures vanquished

Notes
Turn   | Place    | Note
-------+----------+-------------------------------------------
     0 | D:1      | Gauvater the Octopode Fire Elementalist began the quest for
                  | the Orb.
     0 | D:1      | Reached XP level 1. HP: 11/11 MP: 3/3
   169 | D:1      | Reached XP level 2. HP: 17/17 MP: 3/5
  1281 | D:1      | Succumbed to a gnoll's poison

Illustrated notes

Levels and vault maps discovered:
D:1:      lightli_molten_gateway, layout_basic, minmay_pentomino_v2
D:2:      layout_loops_corners, general_overflow_altar,
          gammafunk_temple_overflow_pools, uniq_sigmund

Skill      XL: |  1  2 |
---------------+-------+-----
Stealth        | 3 |  3.0
Fighting       | |  0.3
Dodging        | |  2.1
Spellcasting   | |  2.1
Conjurations   | |  1.5
Fire Magic     | |  3.3

Action                   || total
-------------------------++-------
Melee: Unarmed           ||     3
       Constrict         ||     1
       Tentacles         ||     1
 Cast: Foxfire           ||    28
Armor: Skin              ||     3
Dodge: Dodged            ||    28
